 Dungeon Crawl Stone Soup version 0.25-a0-42-g6c54e25894 (webtiles) character file.

Game seed: 14628065633892057285, levelgen mode: deterministic

2527 GrandHerb the Covert (level 9, -4/39 HPs)
             Began as a Spriggan Enchanter on Oct 22, 2019.
             Shot with an arrow by a centaur (14 damage)
             ... on level 7 of the Dungeon.
             The game lasted 00:52:23 (8522 turns).

GrandHerb the Covert (Spriggan Enchanter)           Turns: 8522, Time: 00:52:24

Health: -4/39      AC:  3    Str:  4    XL:     9   Next: 29%
Magic:  16/20      EV: 25    Int: 17    God:
Gold:   316        SH:  0    Dex: 21    Spells: 12/21 levels left

rFire    . . .     SeeInvis +   C - +1 dagger (venom)
rCold    . . .     Gourm    .   (shield restricted)
rNeg     . . .     Faith    .   b - +0 robe
rPois    .         Spirit   .   (helmet restricted)
rElec    .         Reflect  .   n - +0 cloak
rCorr    .         Harm     .   (gloves unavailable)
MR       +....                  (boots unavailable)
Stlth    ++++......             (no amulet)
HPRegen  0.13/turn              l - +2 ring of dexterity
MPRegen  0.17/turn              o - ring of wizardry

@: very quick
A: very small, unfitting armour, see invisible, herbivore, speed 3, slow
metabolism 2
a: no special abilities


You were on level 7 of the Dungeon.
You were not hungry.

You visited 2 branches of the dungeon, and saw 8 of its levels.

You collected 316 gold pieces.

Inventory:

Hand Weapons
 a - a +1 dagger
 A - a +1 short sword of venom
 C - a +1 dagger of venom (weapon)
Missiles
 v - 45 poisoned darts (quivered)
 B - 6 datura-tipped darts
 E - 3 atropa-tipped darts
Armour
 b - a +0 robe (worn)
 n - a +0 cloak (worn)
Jewellery
 l - a +2 ring of dexterity (left hand)
 m - an uncursed ring of positive energy
 o - a ring of wizardry (right hand)
 u - an uncursed ring of poison resistance
 x - an uncursed ring of positive energy
Wands
 t - a wand of iceblast (7)
Scrolls
 c - 6 scrolls of remove curse
 e - a scroll of immolation {unknown}
 f - a scroll of enchant armour {unknown}
 g - 2 scrolls of random uselessness {unknown}
 h - a scroll of fog {unknown}
 k - 4 scrolls of teleportation
 s - 2 scrolls of enchant weapon
 y - 2 scrolls of amnesia {unknown}
 F - a scroll of fear {unknown}
Potions
 i - a potion of brilliance {unknown}
 j - 3 potions of agility
 p - 2 potions of flight {unknown}
 q - 4 potions of curing
 r - 2 potions of lignification
 w - 2 potions of ambrosia
 z - a potion of invisibility {unknown}
 D - a potion of mutation {unknown}
 G - a potion of heal wounds {unknown}
 H - a potion of cancellation {unknown}
Comestibles
 d - 14 rations


   Skills:
 + Level 5.8 Short Blades
 + Level 7.9 Dodging
 + Level 9.0 Stealth
 + Level 6.7 Spellcasting
 + Level 7.2 Hexes
 + Level 6.5 Translocations
 - Level 1.0 Ice Magic


You had 12 spell levels left.
You knew the following spells:

 Your Spells              Type           Power        Failure   Level  Hunger
a - Corona                Hex            ####...      1%          1    None
b - Ensorcelled Hibernat  Hex/Ice        ###...       1%          2    None
c - Tukima's Dance        Hex            ####....     1%          3    ##.....
d - Gell's Gravitas       Tloc           ####......   1%          3    ##.....

Your spell library contained the following spells:

 Spells                   Type           Power        Failure   Level  Hunger
 Confusing Touch          Hex            ####..       1%          1    None
 Confuse                  Hex            ####....     1%          3    ##.....
 Dazzling Spray           Conj/Hex       ###...       3%          3    ##.....
 Metabolic Englaciation   Hex/Ice        ###.......   24%         5    #####..
 Yara's Violent Unravell  Hex/Tmut       ###.......   28%         5    #####..
 Petrify                  Tmut/Erth      #.......     41%         4    ####...


Dungeon Overview and Level Annotations

Branches:
Dungeon (7/15)             Temple (1/1) D:5

Altars:
Ashenzari
Cheibriados
Elyvilon
Fedhas
Gozag
Hepliaklqana
Kikubaaqudgha
Makhleb
Nemelex Xobeh
Okawaru
Qazlal
Ru
Sif Muna
Wu Jian
Xom
Yredelemnul
Zin
The Shining One

Shops:
D:6 *

Annotations:
D:3 3 runed translucent doors, Wolly's ghost, amateur TrMo; losten's ghost, amateur DsGl; mora's ghost, amateur DEFE; scimitardk's ghost, amateur MiBe


Innate Abilities, Weirdness & Mutations

You are very small and have problems with some larger weapons.
You are too small for most types of armour.
You have supernaturally acute eyesight. (SInv)
You are a herbivore.
You cover ground extremely quickly.
You need to consume almost no food.


Message History

The centaur shoots an arrow.
The arrow hits you!
You see here an arrow.
Casting: Tukima's Dance (safe; 1% risk of failure)
Confirm with . or Enter, or press ? or * to list all spells.
Aiming: Tukima's Dance (safe; 1% risk of failure)
Press: ? - help, Shift-Dir - straight line, f - you, p - centaur
Okay, then.
Casting: Tukima's Dance (safe; 1% risk of failure)
Confirm with . or Enter, or press ? or * to list all spells.
Aiming: Ensorcelled Hibernation (safe; 1% risk of failure)
Press: ? - help, Shift-Dir - straight line, f/p - centaur
Aim: a centaur, wielding a +0 shortbow (chance to defeat MR: 50%)
The centaur resists with some effort.
The adder hisses angrily.
The centaur shoots an arrow.
The arrow hits you!
The centaur shoots an arrow.
The arrow hits you!
* * * LOW HITPOINT WARNING * * *
The centaur shoots an arrow.
The arrow completely misses you.
The centaur shoots an arrow.
The arrow hits you!
You die...

##.###.###.#.###...(#.#
#..##.# #......S.....#
##.##.# ###.#.c##.#..#
#.##.#####..!.#..#..#
#..........##..(##...#
####..#####.##..###.#.#
###......# #.##..###>#.#
##...###..####.##...##.#
. #..###
#..##....@(#..#.# .#
..## #...#.#.#####...#
.## ##....#.## ##..# ##
.# ###...##..# #..##. ..
.# ##.....###.#
##.##.#.# ## #..#...#
#.# #..#.#.# # ##.##.#.#
#.# #.c#...# #
##..##.#.# #.# #>.##..#
# #..###.#.# #.#
##.S#..#


You could see a centaur and an adder.

Vanquished Creatures
  Pikel (D:6)
  Sigmund (D:6)
  Duvessa (D:5)
  An orc warrior (D:7)
  2 slaves (D:6)
  A necrophage (D:6)
  2 sky beasts
  An ogre (D:4)
  A bullfrog (D:6)
  Dowan (D:5)
  A wyvern skeleton (D:7)
  3 killer bees (D:5)
  2 wights (D:6)
  6 howler monkeys
  2 crimson imps (D:6)
  A bullfrog zombie (D:7)
  2 hounds
  2 orc priests
  An orc wizard (D:4)
  A bullfrog skeleton (D:5)
  3 iguanas
  5 worker ants
  2 hound skeletons
  A howler monkey skeleton (D:4)
  11 adders
  3 gnolls (D:4)
  2 worms
  2 dart slugs (D:2)
  16 orcs
  2 bats
  5 giant cockroaches
  6 goblins
  8 hobgoblins
  11 jackals
  6 kobolds
  3 quokkas
  3 frilled lizards
  6 rats
128 creatures vanquished.

Vanquished Creatures (collateral kills)
  A wight (D:6)
  A kobold (D:2)
2 creatures vanquished.

Vanquished Creatures (others)
  A slave (D:6)
  A wight (D:6)
  An orc priest (D:5)
3 creatures vanquished.

Grand Total: 133 creatures vanquished

Notes
Turn   | Place    | Note
-------+----------+-------------------------------------------
     0 | D:1      | GrandHerb the Spriggan Enchanter began the quest for the
                  | Orb.
     0 | D:1      | Reached XP level 1. HP: 9/9 MP: 5/5
   142 | D:1      | Reached XP level 2. HP: 13/13 MP: 6/6
   825 | D:1      | Learned a level 2 spell: Ensorcelled Hibernation
  1157 | D:2      | Found a sparkling altar of Nemelex Xobeh.
  1533 | D:2      | Reached XP level 3. HP: 14/16 MP: 5/8
  1858 | D:1      | Reached skill level 5 in Stealth
  2576 | D:2      | Learned a level 3 spell: Tukima's Dance
  2612 | D:2      | Reached XP level 4. HP: 10/21 MP: 2/9
  3162 | D:3      | Learned a level 3 spell: Gell's Gravitas
  3404 | D:3      | Found a runed translucent gate.
  3404 | D:3      | Found a runed translucent gate.
  3404 | D:3      | Found a runed translucent gate.
  3404 | D:3      | Noticed scimitardk's ghost (amateur MiBe)
  3404 | D:3      | Noticed losten's ghost (amateur DsGl)
  3404 | D:3      | Noticed mora's ghost (amateur DEFE)
  3404 | D:3      | Noticed Wolly's ghost (amateur TrMo)
  3443 | D:3      | Reached XP level 5. HP: 22/24 MP: 11/11
  3532 | D:3      | Found a faded altar of an unknown god.
  3873 | D:4      | Reached skill level 1 in Ice Magic
  3915 | D:4      | Reached skill level 1 in Translocations
  3922 | D:4      | Noticed an ogre
  3993 | D:4      | Killed an ogre
  4146 | D:4      | Reached XP level 6. HP: 23/28 MP: 10/13
  4219 | D:4      | Reached skill level 6 in Stealth
  4448 | D:4      | Reached skill level 5 in Dodging
  4639 | D:5      | Entered Level 5 of the Dungeon
  4832 | D:5      | Found a basalt altar of Yredelemnul.
  4839 | D:5      | Reached skill level 5 in Hexes
  4972 | D:5      | Noticed an ice beast
  5039 | D:5      | Noticed Duvessa
  5040 | D:5      | Noticed Dowan
  5073 | D:5      | Reached XP level 7. HP: 8/32 MP: 7/14
  5114 | D:5      | Killed Duvessa
  5681 | D:5      | Found a staircase to the Ecumenical Temple.
  5690 | Temple   | Entered the Ecumenical Temple
  5868 | D:5      | Reached skill level 5 in Spellcasting
  5969 | D:5      | Reached skill level 7 in Stealth
  6473 | D:5      | Killed Dowan
  6607 | D:6      | Found a stormy altar of Qazlal.
  6617 | D:6      | Found Gozag's Platinum Reserve.
  6629 | D:6      | Found an opulent altar of Gozag.
  6660 | D:6      | Reached XP level 8. HP: 36/36 MP: 13/16
  6880 | D:6      | Noticed Sigmund
  6884 | D:6      | Killed Sigmund
  6950 | D:6      | Reached skill level 5 in Translocations
  7151 | D:6      | Noticed Pikel
  7159 | D:6      | Killed Pikel
  7159 | D:6      | Reached skill level 5 in Short Blades
  7159 | D:6      | Reached skill level 8 in Stealth
  7194 | D:6      | Found a burning altar of Makhleb.
  7199 | D:6      | Reached XP level 9. HP: 39/39 MP: 16/19
  7774 | D:7      | Found a sparkling altar of Nemelex Xobeh.
  8101 | D:7      | Reached skill level 9 in Stealth
  8522 | D:7      | Shot with an arrow by a centaur

Levels and vault maps discovered:
D:1:      dpeg_arrival_orchard, layout_rooms, hangedman_decor_clover_reticule
D:2:      layout_rooms, nemelex_xobeh_ov_fountains_minmay
D:3:      layout_loops_ring, gammafunk_ghost_cemetery,
          chequers_ecumenical_altar_simple
D:4:      layout_loops_cross, first_ration
D:5:      layout_basic, overflow_temple_1_default, lemuel_temple_firewalk_a,
          uniq_duvessa
D:6:      layout_rooms, lemuel_round_altar, nicolae_gozag_zags_fifth_avenue,
          makhleb_blood_cavern_becter, uniq_sigmund, uniq_pikel
D:7:      layout_rooms, grunt_ogre_cave, nemelex_diamond_rough_becter
Temple:   dshaligram_water_room_temple

Skill      XL: |  1  2  3  4  5  6  7  8  9 |
---------------+----------------------------+-----
Spellcasting   | 3 4 5 6 |  6.7
Hexes          | 4 5 6 7 |  7.2
Stealth        | 5 6 7 8 9 |  9.0
Short Blades   | 2 3 4 5 |  5.8
Dodging        | 4 5 6 7 |  7.9
Ice Magic      | 1 |  1.0
Translocations | 1 2 4 5 6 |  6.5

Action                   |  1- 3 |  4- 6 |  7- 9 || total
-------------------------+-------+-------+-------++-------
Melee: Dagger            |   137 |   181 |   211 ||   529
 Cast: Corona            |     8 |     3 |     9 ||    20
       Ensorcelled Hiber |    25 |    45 |    67 ||   137
       Tukima's Dance    |     2 |       |     5 ||     7
       Gell's Gravitas   |       |     2 |     4 ||     6
  Use: Potion            |     1 |       |     1 ||     2
       Scroll            |       |     5 |     4 ||     9
 Stab: Sleeping          |    14 |    31 |    34 ||    79
       Distracted        |       |     1 |     3 ||     4
  Eat: Ration            |     1 |     2 |     3 ||     6
Armor: Robe              |    19 |    16 |    16 ||    51
Dodge: Dodged            |   144 |   132 |   193 ||   469

Table legend:
 A = Non-vault XP
 B = Vault XP
 C = Vault XP percentage of total XP
 D = Non-vault monster count
 E = Vault monster count
 F = Vault count percentage of total count
                 A         B        C        D         E       F
            +---------+---------+-------+---------+---------+-------
      Total |    2348 |    1262 |  35.0 |     122 |       6 |   4.7
            +---------+---------+-------+---------+---------+-------
        D:1 |      61 |       0 |   0.0 |      20 |       0 |   0.0
        D:2 |      40 |       0 |   0.0 |      13 |       0 |   0.0
        D:3 |     111 |       0 |   0.0 |      24 |       0 |   0.0
        D:4 |     369 |       0 |   0.0 |      16 |       0 |   0.0
        D:5 |     496 |     230 |  31.7 |      18 |       2 |  10.0
        D:6 |     657 |    1032 |  61.1 |      17 |       4 |  19.0
        D:7 |     614 |       0 |   0.0 |      14 |       0 |   0.0
            +---------+---------+-------+---------+---------+-------
